AoeStats
← kevlarpukks

Black Forest

510222648Analyzed
2v2 RM · 1d ago on Sep 30, 2026· 91m 20s· 4 players
Game mode
Random Map
Map size
Medium (4 player)
Population
200
Speed
Normal
Resources
Standard
Victory
Conquest
Starting age
Dark Age
Ending age
Imperial Age
RankedLock teamsTeams togetherTeam positionsShared explorationLock speedFull tech treeHidden civsTurbo modeCheats
Victory
Defeat
🇦🇷 Britons · Argentina
448
+15
🇦🇷 Franks · Argentina
371
+18
🇬🇧 Khmer · United Kingdom
423
-17
🇬🇧 Spanish · United Kingdom
402
-16
Sanso8278
9:43 Loom
14:10 Feudal Age
20:14 Horse Collar
20:33 Double-Bit Axe
27:57 Town Watch
30:51 Castle Age
31:51 Scale Barding Armor
31:56 Forging
31:46 Scale Mail Armor
31:46 Padded Archer Armor
31:51 Fletching
32:47 Gold Mining
32:47 Stone Mining
34:34 Iron Casting
34:20 Chain Barding Armor
34:18 Chain Mail Armor
34:47 Gold Shaft Mining
41:46 Leather Archer Armor
41:26 Bodkin Arrow
50:04 Imperial Age
52:23 Elite Longbowman
53:23 Yeomen
53:04 Warwolf
54:00 Plate Mail Armor
54:05 Plate Barding Armor
54:01 Ring Archer Armor
53:32 Bracer
54:32 Blast Furnace
59:47 Cavalier
60:30 Husbandry
68:27 Chemistry
Santi el Rey
0:43 Loom
18:40 Feudal Age
19:20 Arson
21:25 Double-Bit Axe
22:55 Wheelbarrow
22:42 Town Watch
32:37 Castle Age
31:33 Gold Mining
31:41 Stone Mining
33:14 Scale Barding Armor
33:09 Scale Mail Armor
33:10 Padded Archer Armor
33:27 Padded Archer Armor
33:17 Fletching
33:40 Husbandry
34:43 Chain Barding Armor
34:34 Forging
35:56 Hand Cart
36:32 Fletching
36:52 Forging
36:58 Leather Archer Armor
36:45 Crossbowman
38:02 Town Patrol
38:45 Squires
38:09 Pikeman
39:41 Gambesons
40:41 Murder Holes
41:09 Ballistics
41:43 Chain Mail Armor
41:43 Leather Archer Armor
41:25 Bodkin Arrow
42:14 Fortified Wall
41:56 Guard Tower
44:33 Leather Archer Armor
44:54 Iron Casting
47:48 Imperial Age
47:03 Bow Saw
48:08 Ordonnance Companies
48:54 Chivalry
49:39 Hoardings
50:27 Chemistry
49:40 Elite Throwing Axeman
53:43 Cavalier
62:56 Paladin
kevlarpukks
16:08 Feudal Age
18:36 Horse Collar
21:38 Castle Age
25:30 Loom
28:07 Wheelbarrow
27:20 Town Watch
31:41 Hand Cart
31:40 Town Patrol
34:26 Husbandry
34:36 Bloodlines
35:04 Double-Bit Axe
36:44 Herbal Medicine
39:04 Fletching
39:29 Forging
39:28 Scale Barding Armor
41:22 Iron Casting
41:19 Tusk Swords
46:25 Imperial Age
44:58 Bodkin Arrow
45:25 Chain Barding Armor
47:09 Elite Ballista Elephant
50:00 Gold Mining
50:01 Stone Mining
52:28 Hoardings
52:16 Conscription
55:00 Caravan
55:23 Elite Battle Elephant
57:25 Double Crossbow
63:30 Cavalier
64:34 Onager
64:36 Heavy Scorpion
68:55 Ballistics
68:49 Masonry
73:29 Light Cavalry
75:20 Hussar
Lieutenant Columbo
16:44 Feudal Age
15:00 Loom
19:01 Wheelbarrow
18:22 Double-Bit Axe
22:57 Horse Collar
25:37 Gold Mining
25:38 Stone Mining
29:23 Castle Age
27:09 Town Watch
32:23 Bow Saw
33:53 Stone Shaft Mining
35:54 Hand Cart
35:55 Town Patrol
38:24 Bloodlines
40:05 Ballistics
43:32 Masonry
43:35 Fortified Wall
47:21 Imperial Age
52:31 Chemistry
60:07 Bombard Tower
59:58 Murder Holes
60:36 Architecture
62:33 Caravan
63:04 Coinage
63:11 Light Cavalry
63:52 Husbandry
63:13 Light Cavalry
73:20 Light Cavalry
Connection lost

Rejoining the realm…

Still unreachable

The connection could not be restored.

Session expired

The server has moved on; the page needs a fresh start.